 Dungeon Crawl Stone Soup version 0.31-a0-977-gc230f8ef24 (webtiles) character file.

Game seed: 4392822101597390547

4367 Dirtsage the Martial Artist (level 10, -15/68 HPs)
             Began as an Octopode Shapeshifter on Oct 29, 2023.
             Was a Believer of Wu Jian.
             Demolished by a two-headed ogre
             ... wielding a +0 giant club
              (22 damage)
             ... on level 9 of the Dungeon.
             The game lasted 00:17:09 (7634 turns).

Dirtsage the Martial Artist (Octopode Shapeshifter) Turns: 7634, Time: 00:17:09

Health: -15/68     AC:  5    Str: 14    XL:     10   Next: 34%
Magic:  0/19       EV: 18    Int: 19    God:    Wu Jian [**....]
Gold:   615        SH:  0    Dex: 15    Spells: 4/9 levels left

rFire   . .          .
                       - Unarmed
rCold   . . .        (no shield)
rNeg    . . .        (helmet currently unavailable)
rPois   .            d - amulet of guardian spirit
rElec   .            r - ring of willpower
rCorr   .            s - +4 ring of protection
SInv    .            w - ring of magical power
Will    +....        x - +6 ring of intelligence
Stlth   ++           D - +5 ring of evasion
HPRegen 0.31/turn    (no ring)
MPRegen 0.16/turn    (no ring)
                     (no ring)

%: guardian spirit
@: beast-form
A: beast (slay +4), almost no armour, amphibious, 8 rings, camouflage 1,
gelatinous body 1, (nimble swimmer 1), tentacles
a: Begin Untransformation, Renounce Religion, Wall Jump


You were on level 9 of the Dungeon.
You worshipped Wu Jian.
Wu Jian was pleased with you.
You were a hulking beast.
You visited 2 branches of the dungeon, and saw 10 of its levels.

You collected 745 gold pieces.
You spent 130 gold pieces at shops.

Inventory:

Armour
 B - a +1 hat
Jewellery
 d - an amulet of guardian spirit (around mantle)
 r - a ring of willpower (left tentacle)
 s - a +4 ring of protection (right tentacle)
 w - a ring of magical power (on tentacle)
 x - a +6 ring of intelligence (on tentacle)
 D - a +5 ring of evasion (on tentacle)
Talismans
 b - a beast talisman
 c - a flux talisman
 G - a dragon-blood talisman
Wands
 v - a wand of roots (6)
 z - a wand of flame (57)
Scrolls
 f - a scroll of poison {unknown}
 g - a scroll of enchant weapon
 j - 2 scrolls of enchant armour
 k - a scroll of vulnerability
 t - 4 scrolls of teleportation
 y - a scroll of fog {unknown}
 A - 2 scrolls of brand weapon
 C - a scroll of noise {unknown}
 E - a scroll of torment
 F - 2 scrolls of amnesia
 H - a scroll of blinking {unknown}
Potions
 a - 2 potions of lignification
 e - 5 potions of brilliance
 h - a potion of haste
 l - 3 potions of heal wounds
 m - 4 potions of invisibility
 n - a potion of resistance
 o - 6 potions of attraction
 p - a potion of enlightenment
 q - 5 potions of curing
 u - a potion of mutation


   Skills:
 + Level 6.1 Fighting
 - Level 2.0 Dodging
 * Level 9.4 Unarmed Combat
 - Level 5.0 Summonings
 * Level 8.6 Shapeshifting


You had 4 spell levels left.
You knew the following spells:

 Your Spells              Type           Power      Damage    Failure   Level
a - Call Imp              Summ           38%        N/A       4%          2
c - Call Canine Familiar  Summ           19%        N/A       8%          3

Your spell library contained the following spells:

 Spells                   Type           Power      Damage    Failure   Level
 Summon Small Mammal      Summ           76%        N/A       2%          1
 Apportation              Tloc           0%         N/A       21%         1
 Magic Dart               Conj           0%         1d3       21%         1
 Necrotise                Necr           0%         1d4       21%         1
 Mephitic Cloud           Conj/Pois/Air  0%         N/A       52%         3
 Sigil of Binding         Hex            0%         N/A       52%         3
 Dimensional Bullseye     Hex/Tloc       0%         N/A       90%         4
 Leda's Liquefaction      Hex/Erth       0%         N/A       90%         4


Dungeon Overview and Level Annotations

Branches:
Dungeon (9/15)             Temple (1/1) D:6
   Lair: D:8-11         Orc: D:9-12

Altars:
Ashenzari
Cheibriados
Dithmenos
Elyvilon
Fedhas
Gozag
Hepliaklqana
Kikubaaqudgha
Makhleb
Nemelex Xobeh
Okawaru
Qazlal
Ru
Sif Muna
Trog
Uskayaw
Vehumet
Wu Jian
Xom
Yredelemnul
Zin

Shops:
D:1 !   D:2 :   D:3 (   D:6 **

Annotations:
D:6 1 runed translucent door, Crazy Yiuf


Innate Abilities, Weirdness & Mutations

You are a hulking beast.
Your limbs bulge with bestial killing power. (Slay +4)
You cannot wear most types of armour.
You are amphibious.
You can wear up to eight rings at the same time.
Your skin changes colour to match your surroundings (Stealth+).
Your rubbery body absorbs attacks. (AC +1, EV +1)
((You are camouflaged when in or above water. (Stealth+)))
You have tentacles for arms and can constrict up to eight enemies at once.


Message History

Anything else - Cancel.
Gang up on whom?
Press: ? - help, Dir - move target, f - two-headed ogre
Aim: a two-headed ogre, wielding two +0 giant clubs (asleep, ally target) Attack!
A black bear and an elephant come into view.
The black bear growls angrily.
You hear a shout!
The elephant trumpets!
You hear an angry growl.
The two-headed ogre shouts in stereo!
Your hound bites the two-headed ogre.
Your cerulean imp hits the two-headed ogre but does no damage.
A black bear comes into view.
You lunge at the two-headed ogre.
You barely miss the two-headed ogre.
The two-headed ogre is lightly wounded.
Your hound closely misses the two-headed ogre.
The two-headed ogre closely misses you.
The two-headed ogre hits you with a +0 giant club!!
The black bear bites the plant!
The plant begins to die.
The black bear claws the plant. x2
Your cerulean imp hits the two-headed ogre but does no damage.
Your hound bites the two-headed ogre.
You take 18 damage, and have 50/68 hp.
MASSIVE DAMAGE!!
You now have 12/19 mp.
You tentacle-slap the two-headed ogre.
The two-headed ogre is lightly wounded.
The black bear bites the plant.
The black bear claws the plant. x2
Your hound bites the two-headed ogre.
The two-headed ogre hits you with a +0 giant club! x2
You take 25 damage, and have 25/68 hp.
MASSIVE DAMAGE!!
You now have 6/19 mp.
You tentacle-slap the two-headed ogre.
The two-headed ogre is moderately wounded.
Your cerulean imp hits the two-headed ogre from afar with a -3 spear.
Your hound closely misses the two-headed ogre.
The black bear bites the plant.
The black bear claws the plant. x2
You barely miss the two-headed ogre. You tentacle-slap the two-headed ogre.
The two-headed ogre is heavily wounded.
Your hound bites the two-headed ogre but does no damage.
Your cerulean imp hits the two-headed ogre but does no damage.
The two-headed ogre hits you with a +0 giant club!!
* * * LOW HITPOINT WARNING * * *
The two-headed ogre hits you with a +0 giant club!!
You die... z<# ..# .P.PP... zz#

.h.P..P. .z#
#P.P.P# ...
#...... ...
#P.PP.## ..#
###PP.PP.# ..#
.P.P.P...#
...h..Oh.###
PP.P..Yh5..#####
..P.P.+##'###..#
..P... #......#
#.... #......#
#.... #......#
#... #......#
#... #......#
#......#


You could see an elephant, a two-headed ogre (ally target), 2 black bears, a
friendly hound (summoned) and a friendly cerulean imp (summoned).

Vanquished Creatures
  Jeremiah (D:6)
  An unseen horror zombie (D:8)
  Sigmund (D:4)
  4 yaks (D:8)
  A steam dragon (D:8)
  A vampire mosquito (D:7)
  Edmund (D:6)
  A water moccasin (D:6)
  An ice beast (D:7)
  2 black bears
  3 centaurs
  2 kobold brigands
  4 bullfrogs
  A gnoll sergeant (D:7)
  Blork the orc (D:4)
  A wyvern zombie (D:8)
  2 scorpions
  6 wights
  3 killer bees (D:7)
  4 howler monkeys
  An orc priest (D:8)
  5 hounds
  2 iguanas
  2 orc wizards
  Robin (D:4)
  8 gnolls
  6 adders
  A shadow imp (D:8)
  2 white imps
  2 ufetubi (D:5)
  A worm (D:4)
  2 dart slugs
  18 orcs
  5 ball pythons
  9 endoplasms
  A giant cockroach (D:1)
  9 goblins (D:4)
  8 hobgoblins
  4 jackals
  4 quokkas
  7 bats
  13 kobolds
  7 rats
159 creatures vanquished.

Vanquished Creatures (collateral kills)
  Eustachio (D:4)
  A black bear (D:5)
  A hound (D:5)
  An orc (D:5)
  2 goblins (D:4)
6 creatures vanquished.

Grand Total: 165 creatures vanquished

Notes
Turn   | Place    | Note
-------+----------+-------------------------------------------
     0 | D:1      | Dirtsage the Octopode Shapeshifter began the quest for the
                  | Orb.
     0 | D:1      | Reached XP level 1. HP: 13/13 MP: 1/1
    58 | D:1      | Reached XP level 2. HP: 9/18 MP: 2/2
   293 | D:1      | Found Zeidag's Distillery.
   626 | D:1      | Bought a potion of curing for 33 gold pieces
   626 | D:1      | Bought a potion of heal wounds for 55 gold pieces
   651 | D:2      | Found Xutz's Book Boutique.
   670 | D:2      | Reached XP level 3. HP: 22/23 MP: 3/3
  1180 | D:2      | Found a faded altar of an unknown god.
  1549 | D:3      | Reached XP level 4. HP: 29/29 MP: 4/4
  1573 | D:3      | Found Piqa's Weapon Shoppe.
  2491 | D:4      | Noticed Sigmund
  2504 | D:4      | Learned a level 3 spell: Call Canine Familiar
  2513 | D:4      | Killed Sigmund
  2514 | D:4      | Reached skill level 4 in Unarmed Combat
  2514 | D:4      | Reached skill level 1 in Summonings
  2514 | D:4      | Reached XP level 5. HP: 31/35 MP: 5/5
  2514 | D:4      | Reached XP level 6. HP: 37/41 MP: 6/6
  2559 | D:4      | Learned a level 2 spell: Call Imp
  2725 | D:4      | Noticed Eustachio
  2737 | D:4      | Noticed Robin
  2740 | D:4      | Killed Eustachio
  2749 | D:4      | Killed Robin
  2787 | D:4      | Reached skill level 5 in Unarmed Combat
  2846 | D:4      | Identified the +1 whip of Wiso Zabb {speed, Contam rF+
                  | Will+++ rCorr}
  2915 | D:4      | Noticed Blork the orc
  2924 | D:4      | Killed Blork the orc
  2925 | D:4      | Reached XP level 7. HP: 31/45 MP: 7/7
  3035 | D:4      | Identified the +7 war axe of Vuhist {freeze, rF+ Str-5
                  | Int+3}
  3414 | D:5      | Entered Level 5 of the Dungeon
  3414 | D:5      | Found a hide-covered altar of Uskayaw.
  3414 | D:5      | Found a broken altar of Ashenzari.
  3420 | D:5      | Found a shimmering altar of Xom.
  3426 | D:5      | Found an ornate altar of the Wu Jian Council.
  3429 | D:5      | Found a stormy altar of Qazlal.
  3433 | D:5      | Became a worshipper of the Wu Jian Council
  3435 | D:5      | Found a shimmering blue altar of Sif Muna.
  3509 | D:6      | Reached skill level 5 in Shapeshifting
  3611 | D:6      | Noticed Edmund
  3644 | D:6      | Killed Edmund
  3787 | D:5      | Reached XP level 8. HP: 38/52 MP: 8/8
  3936 | D:5      | Found a hazy altar of Hepliaklqana.
  4024 | D:5      | Found a white marble altar of Elyvilon.
  4038 | D:5      | Reached skill level 6 in Unarmed Combat
  4392 | D:6      | Noticed Jeremiah
  4493 | D:6      | Killed Jeremiah
  4714 | D:6      | Found a runed translucent door.
  4715 | D:6      | Noticed Crazy Yiuf
  4790 | D:6      | Found Kumm's Specific Store.
  4793 | D:6      | Found Vaycreal's General Store.
  4802 | D:6      | Bought a scroll of teleportation for 42 gold pieces
  4823 | D:6      | Reached skill level 7 in Unarmed Combat
  4916 | D:6      | Reached * piety under Wu Jian
  4917 | D:6      | Found a snail-covered altar of Cheibriados.
  4939 | D:6      | Found a staircase to the Ecumenical Temple.
  4965 | Temple   | Entered the Ecumenical Temple
  5363 | D:7      | Reached XP level 9. HP: 58/59 MP: 9/9
  5543 | D:7      | Reached skill level 5 in Summonings
  5639 | D:7      | Found a sparkling altar of Nemelex Xobeh.
  5809 | D:7      | Reached skill level 5 in Fighting
  5813 | D:7      | Reached skill level 8 in Unarmed Combat
  6535 | D:8      | Found a blossoming altar of Fedhas.
  6624 | D:8      | Reached XP level 10. HP: 30/68 MP: 7/10
  6748 | D:8      | Found a basalt altar of Yredelemnul.
  6765 | D:8      | Found a burning altar of Makhleb.
  6810 | D:8      | Reached ** piety under Wu Jian
  6938 | D:8      | Reached skill level 9 in Unarmed Combat
  7617 | D:9      | Noticed a two-headed ogre
  7630 | D:9      | Noticed an elephant
  7634 | D:9      | Demolished by a two-headed ogre

Illustrated notes

Levels and vault maps discovered:
D:1:      dpeg_arrival_stone_temple_mockup, layout_rooms, serial_shops,
          nicolae_shop_window_shopping, serial_bayou_pond_b,
          minmay_misc_feat_tiny, minmay_gold_behind_fungi,
          minmay_misc_feat_encased
D:2:      layout_loops_ring, hellmonk_ecumenical_altar_heavens_door,
          serial_shops, shop, minmay_door_square
D:3:      layout_basic, serial_shops, nicolae_shop_tiny_glass
D:4:      layout_gridville, uniq_robin, uniq_sigmund, uniq_blork_the_orc,
          uniq_eustachio
D:5:      layout_rooms, nicolae_overflow_hallway_of_the_gods,
          mainiacjoe_overflow_paths, nicolae_hepliaklqana_hippocampus,
          hangedman_abyss_or_decor_stabs
D:6:      layout_basic, mainiacjoe_overflow_alcove_1,
          minmay_temple_entry_offerings, st_stairs_14, nicolae_specific_store,
          uniq_jeremiah, uniq_crazy_yiuf_cottage, uniq_edmund
D:7:      cheibrodos_barr_body, layout_loops_ring, nemelex_diamond_rough_becter
D:8:      layout_basic, fedhas_altar_fruit_tree, bloody_makhleb,
          lemuel_zombie_altar_yredelemnul
D:9:      layout_stronghold, tso_altar, grunt_lair_entry_orc_guard_hut,
          minivault_7
Temple:   hellmonk_temple_rainy

Skill      XL: |  1  2  3  4  5  6  7  8  9 10 |
---------------+-------------------------------+-----
Fighting       | 2 3 4 5 6 |  6.1
Unarmed Combat | 4 5 7 8 9 |  9.4
Summonings     | 1 2 3 4 5 |  5.0
Shapeshifting  | 4 5 6 8 |  8.6
Dodging        | |  2.0

Action                     |  1- 3 |  4- 6 |  7- 9 | 10-12 || total
---------------------------+-------+-------+-------+-------++-------
  Melee: Unarmed           |    56 |    67 |   191 |    54 ||   368
         Constrict         |    11 |    20 |    39 |     5 ||    75
         Punch             |     2 |     6 |    12 |     2 ||    22
         Tentacles         |     6 |    12 |    38 |     9 ||    65
   Cast: Call Imp          |       |     4 |    11 |     3 ||    18
         Call Canine Famil |       |       |     8 |     2 ||    10
Ability: Lunge             |       |       |    20 |     5 ||    25
  Evoke: Wand              |       |       |     3 |       ||     3
    Use: Potion            |       |       |     2 |       ||     2
         Scroll            |       |       |    12 |     1 ||    13
   Stab: Sleeping          |     4 |     4 |     6 |     1 ||    15
         Distracted        |       |       |     1 |     1 ||     2
 Armour: Skin              |    19 |    46 |    86 |    16 ||   167
  Dodge: Dodged            |    41 |    63 |   122 |    20 ||   246

Table legend: (Time is in decaauts)
 A = Elapsed time spent in this place.
 B = Non-inter-level travel time spent in this place.
 C = Inter-level travel time spent in this place.
 D = Time resting spent in this place.
 E = Time spent auto-exploring this place.
 F = Levels seen in this place.
 G = Mean time per level.
                   A        B        C        D        E       F      G
               +--------+--------+--------+--------+--------+-----+--------+
         Total |   7590 |   7223 |    367 |      0 |   6118 |  10 |  759.0 |
       Dungeon |   7588 |   7221 |    367 |      0 |   6118 |   9 |  843.1 |
        Temple |      1 |      1 |      0 |      0 |      0 |   1 |    1.0 |
               +--------+--------+--------+--------+--------+-----+--------+

Top non-repeatable levels by time:
     D:8: 1274 daAuts
     D:6: 1258 daAuts
     D:3: 971 daAuts
     D:4: 958 daAuts
     D:7: 932 daAuts
     D:2: 829 daAuts
     D:1: 643 daAuts
     D:5: 625 daAuts
     D:9: 96 daAuts
  Temple: 1 daAuts
